 Dungeon Crawl Stone Soup version 0.30.0-5-g1a98f26d00 (webtiles) character file.

Game seed: 16159032681639027841

16690 selver the Frost Mage (level 12, -10/95 HPs)
             Began as a Demonspawn Ice Elementalist on May 12, 2023.
             Was an Elder of Vehumet.
             Shot with an arrow by a centaur warrior (14 damage)
             ... on level 15 of the Dungeon.
             The game lasted 01:03:16 (15513 turns).

selver the Frost Mage (DsIE)                       Turns: 15513, Time: 01:03:16

Health: -10/95     AC: 11    Str:  9    XL:     12   Next: 12%
Magic:  31/31      EV: 15    Int: 21    God:    Vehumet [****..]
Gold:   784        SH:  0    Dex: 14    Spells: 13/25 levels left

rFire   . . .        K - +1 short sword (protect)
rCold   . . .        (no shield)
rNeg    . . .        P - +1 steam dragon scales
rPois   .            (helmet restricted)
rElec   .            (cloak unavailable)
rCorr   .            (gloves unavailable)
SInv    .            y - +0 pair of boots
Will    .....        N - amulet of regeneration
Stlth   ++           G - ring of magical power
HPRegen 1.15/turn    o - +4 ring of protection
MPRegen 0.22/turn

%: no passive effects
@: hasted, very quick
A: antennae 1, weakness stinger 3, demonic touch 3
a: Renounce Religion


You were on level 15 of the Dungeon.
You worshipped Vehumet.
Vehumet was greatly pleased with you.
You visited 3 branches of the dungeon, and saw 20 of its levels.
You also visited: Sewer.

You collected 1085 gold pieces.
You spent 301 gold pieces at shops.

Inventory:

Hand Weapons
 t - a +0 dagger of speed
 K - a +1 short sword of protection (weapon)
 M - a +0 dagger of venom
Missiles
 e - 2 throwing nets
Armour
 y - a +0 pair of boots (worn)
 H - +0 acid dragon scales
 P - +1 steam dragon scales (worn)
 Q - a +2 helmet of see invisible
Jewellery
 a - an amulet of the acrobat
 l - a ring of protection from fire
 o - a +4 ring of protection (right hand)
 q - a ring of protection from cold
 E - a ring of willpower
 G - a ring of magical power (left hand)
 I - an amulet of reflection
 N - an amulet of regeneration (around neck)
Wands
 c - a wand of paralysis (6)
 i - a wand of mindburst (10)
 v - a wand of digging (8)
 A - a wand of flame (39)
Scrolls
 n - a scroll of enchant weapon
 s - a scroll of immolation
 B - 2 scrolls of fog
 J - a scroll of amnesia
 O - a scroll of identify
Potions
 b - a potion of magic
 d - 3 potions of mutation
 g - a potion of might
 h - a potion of cancellation {unknown}
 k - 3 potions of brilliance
 m - 4 potions of lignification
 p - a potion of attraction
 r - a potion of flight
 w - 3 potions of berserk rage
 x - 2 potions of haste


   Skills:
 - Level 9.2 Fighting
 + Level 8.0 Dodging
 - Level 1.7 Stealth
 - Level 7.0 Spellcasting
 - Level 6.0 Conjurations
 - Level 11.0 Ice Magic
 - Level 2.2 Air Magic
 - Level 4.2 Poison Magic


You had 13 spell levels left.
You knew the following spells:

 Your Spells              Type           Power      Damage    Failure   Level
a - Freeze                Ice            100%       1d10      1%          1
b - Frozen Ramparts       Ice            100%       1d16      1%          3
c - Ozocubu's Armour      Ice            52%        N/A       1%          3
d - Searing Ray           Conj           64%        2d6       1%          2
e - Mephitic Cloud        Conj/Pois/Air  24%        N/A       1%          3

Your spell library contained the following spells:

 Spells                   Type           Power      Damage    Failure   Level
 Flame Wave               Conj/Fire      19%        2d7       7%          4
 Summon Ice Beast         Ice/Summ       30%        N/A       9%          4
 Portal Projectile        Hex/Tloc       14%        N/A       26%         3
 Tukima's Dance           Hex            7%         N/A       26%         3
 Animate Armour           Summ/Erth      14%        N/A       65%         4
 Iron Shot                Conj/Erth      9%         9d3       65%         6
 Alistair's Intoxication  Tmut/Pois      10%        N/A       71%         5
 Eringya's Noxious Bog    Tmut/Pois      8%         N/A       78%         6
 Blade Hands              Tmut           3%         N/A       94%         5
 Borgnjor's Vile Clutch   Necr/Erth      3%         N/A       94%         5


Dungeon Overview and Level Annotations

Branches:
Dungeon (13/15)            Temple (1/1) D:5            Lair (5/5) D:8
 Shoals (0/4) Lair:2        Slime (0/5) Lair:4        Sewer (visited)
  Snake: Lair:2-3    Spider: Lair:2-3       Orc: D:9-12      Vaults: D:13-14

Altars:
Ashenzari
Cheibriados
Dithmenos
Fedhas
Gozag
Hepliaklqana
Kikubaaqudgha
Makhleb
Nemelex Xobeh
Okawaru
Qazlal
Ru
Sif Muna
Trog
Uskayaw
Vehumet
Wu Jian
Xom
Yredelemnul

Shops:
D:1 [   D:9 [   D:10 (

Portals:
Ice
Cave: Lair:4

Annotations:
D:3 1 runed translucent door, Crazy Yiuf
D:10 Fannar, Gastronok, Grum
Lair:4 Kirke


Innate Abilities, Weirdness & Mutations

You have a pair of small antennae on your head.
You have a sharp stinger which inflicts weakening toxins.
Your touch may irresistibly damage your foes and sap their willpower.


Message History

An ogre mage and 2 two-headed ogres come into view.
The two-headed ogre shouts in stereo! x2
An ogre comes into view. It is wielding a +0 giant spiked club.
The ogre shouts!
You feel yourself speed up.
A deep elf pyromancer comes into view.
It is wielding a +0 rapier of holy wrath.
The deep elf pyromancer shouts!
A centaur warrior comes into view.
Found 20 gold pieces.
The deep elf pyromancer gestures wildly while chanting.
The centaur warrior shouts!
The centaur warrior wields a +0 longbow.
The centaur warrior shoots an arrow.
The arrow hits you but does no damage.
A deep elf pyromancer comes into view. It is wielding a +0 long sword.
The centaur warrior shoots an arrow.
The arrow barely misses you.
The centaur warrior shoots an arrow.
The arrow hits you.
The deep elf pyromancer gestures wildly while chanting.
The deep elf pyromancer blinks!
The centaur warrior shoots an arrow.
The arrow hits you but does no damage.
The deep elf pyromancer mumbles some strange words.
The deep elf pyromancer blinks!
The deep elf pyromancer casts a spell at you.
The bolt of fire hits you!!
The centaur warrior shoots an arrow.
The arrow hits you.
Found a potion of heal wounds.
The centaur warrior shoots an arrow.
The arrow hits you!
A centaur warrior comes into view.
The centaur warrior shouts!
The centaur warrior shoots an arrow.
The arrow hits you!!
* * * LOW HITPOINT WARNING * * *
The centaur warrior wields a +0 shortbow.
The centaur warrior shoots an arrow.
The arrow closely misses you.
Found a stone staircase leading up.
The centaur warrior shoots an arrow.
The arrow completely misses you.
The centaur warrior shoots an arrow.
The arrow hits you!
* * * LOW HITPOINT WARNING * * *
The centaur warrior shoots an arrow.
The arrow hits you!
* * * LOW HITPOINT WARNING * * *
The centaur warrior shoots an arrow.
The arrow hits you!
You die...

.. ...# ....
...# .<..###..#
....c....##
..........##
.......!...#
..........#
........@##
..........#
.........###
..........#
..........####
#....c....#..##
##.......##....#
#......e.......#
...........#####


You could see 2 centaur warriors and a deep elf pyromancer.

Vanquished Creatures
  A boulder beetle (Lair:1)
  2 two-headed ogres
  Lodul (D:10)
  An orc knight (D:13)
  Pikel (D:9)
  An orc sorcerer (D:13)
  2 black mambas (Lair:2)
  A gargoyle (D:10)
  A torpor snail (Lair:1)
  3 cane toads
  2 rime drakes
  An unseen horror (D:9)
  A troll (D:9)
  A polar bear (Lair:1)
  A hornet (D:10)
  2 slime creatures (D:9)
  A wraith (D:12)
  A water elemental (D:12)
  2 wyverns
  10 yaks
  A vampire mosquito (D:11)
  2 steam dragons (D:9)
  Menkaure (D:6)
  2 acid dragons
  Duvessa (D:5)
  4 water moccasins
  9 orc warriors
  2 ice beasts
  3 black bears
  Pargi (D:3)
  16 ogres
  5 centaurs
  A lemure (D:9)
  2 kobold brigands (D:8)
  Blork the orc (D:5)
  6 bullfrogs
  2 gnoll sergeants (D:9)
  2 water moccasin zombies (D:6)
  A scorpion (D:7)
  4 wights
  Dowan (D:5)
  7 killer bees (D:10)
  A howler monkey (D:6)
  3 electric eels (D:9)
  A centaur zombie (D:6)
  4 bullfrog zombies (D:6)
  3 hounds (D:6)
  4 jellies
  4 orc priests
  A gnoll bouda (D:5)
  3 iguanas
  Ijyb (D:3)
  9 orc wizards
  14 gnolls
  15 adders
  3 white imps
  An ufetubus (D:5)
  6 dart slugs
  41 orcs
  13 ball pythons
  5 bats
  5 endoplasms
  3 giant cockroaches
  3 goblins
  8 hobgoblins
  5 quokkas
  8 frilled lizards
  17 kobolds
  6 rats
297 creatures vanquished.

Notes
Turn   | Place    | Note
-------+----------+-------------------------------------------
     0 | D:1      | selver the Demonspawn Ice Elementalist began the quest for
                  | the Orb.
     0 | D:1      | Reached XP level 1. HP: 13/13 MP: 3/3
   373 | D:1      | Reached skill level 4 in Ice Magic
   373 | D:1      | Discovered your monstrous ancestry.
   373 | D:1      | Gained mutation: You have a small tail. [demonic ancestry]
   373 | D:1      | Reached XP level 2. HP: 10/19 MP: 0/5
   936 | D:1      | Found Ruguux's Armour Emporium.
  1224 | D:1      | Gained mutation: You have a tail ending in a sharp stinger.
                  | [demonic ancestry]
  1224 | D:1      | Reached XP level 3. HP: 22/24 MP: 3/6
  1299 | D:2      | Found a faded altar of an unknown god.
  1666 | D:2      | Reached skill level 5 in Ice Magic
  1993 | D:3      | Reached XP level 4. HP: 30/30 MP: 4/7
  2046 | D:3      | You fall into a shaft and drop 1 floor!
  2362 | D:3      | Noticed Ijyb
  2369 | D:3      | Killed Ijyb
  2370 | D:3      | Reached XP level 5. HP: 35/35 MP: 3/8
  2417 | D:3      | Learned a level 3 spell: Frozen Ramparts
  2421 | D:3      | Learned a level 3 spell: Ozocubu's Armour
  2521 | D:3      | Found a sparkling altar of Nemelex Xobeh.
  3048 | D:3      | Noticed an ice beast
  3049 | D:3      | Noticed Pargi
  3080 | D:3      | Killed Pargi
  3081 | D:3      | Reached skill level 6 in Ice Magic
  3161 | D:3      | Found a runed translucent door.
  3162 | D:3      | Noticed Crazy Yiuf
  3586 | D:4      | Gained mutation: Your touch may inflict minor irresistible
                  | damage on your foes. [demonic ancestry]
  3586 | D:4      | Reached XP level 6. HP: 40/41 MP: 5/9
  3761 | D:4      | Reached skill level 7 in Ice Magic
  3983 | D:4      | Gained mutation: You have a sharp stinger which inflicts
                  | weakening toxins. [demonic ancestry]
  3983 | D:4      | Reached XP level 7. HP: 44/46 MP: 0/10
  4167 | D:4      | Reached skill level 8 in Ice Magic
  4805 | D:5      | Entered Level 5 of the Dungeon
  5173 | D:5      | Reached skill level 9 in Ice Magic
  5454 | D:5      | Noticed Duvessa
  5454 | D:5      | Noticed Dowan
  5461 | D:5      | Killed Dowan
  5463 | D:5      | Killed Duvessa
  5464 | D:5      | Reached XP level 8. HP: 41/52 MP: 0/11
  5659 | D:5      | Found a staircase to the Ecumenical Temple.
  5717 | Temple   | Entered the Ecumenical Temple
  5818 | Temple   | Became a worshipper of Vehumet
  5843 | D:5      | Noticed Blork the orc
  5850 | D:5      | Killed Blork the orc
  6022 | D:5      | Found a shimmering altar of Xom.
  6029 | D:5      | Reached skill level 10 in Ice Magic
  6537 | D:6      | Found a glowing drain.
  6546 | Sewer    | Entered a sewer
  6684 | D:6      | Noticed Menkaure
  6690 | D:6      | Killed Menkaure
  6691 | D:6      | Reached skill level 11 in Ice Magic
  7040 | D:6      | Found a bloodstained altar of Trog.
  7212 | D:6      | Gained mutation: Your touch may inflict irresistible damage
                  | on your foes. [demonic ancestry]
  7212 | D:6      | Reached XP level 9. HP: 51/57 MP: 12/14
  7242 | D:6      | Found a basalt altar of Yredelemnul.
  7352 | D:6      | Found a hazy altar of Hepliaklqana.
  7374 | D:6      | Reached * piety under Vehumet
  7374 | D:6      | Offered knowledge of Magic Dart by Vehumet.
  7794 | D:7      | Reached skill level 5 in Spellcasting
  8516 | D:7      | Reached skill level 1 in Fighting
  9020 | D:8      | Offered knowledge of Searing Ray by Vehumet.
  9037 | D:8      | Reached ** piety under Vehumet
  9051 | D:8      | Learned a level 2 spell: Searing Ray
  9123 | D:8      | Found a burning altar of Makhleb.
  9128 | D:8      | Found a staircase to the Lair.
  9220 | D:8      | Noticed a two-headed ogre
  9232 | D:8      | Killed a two-headed ogre
  9233 | D:8      | Reached skill level 5 in Fighting
  9233 | D:8      | Gained mutation: Your touch may irresistibly damage your
                  | foes and sap their willpower. [demonic ancestry]
  9233 | D:8      | Reached XP level 10. HP: 69/74 MP: 20/20
  9817 | D:9      | Noticed Pikel
  9825 | D:9      | Killed Pikel
 10609 | D:9      | Offered knowledge of Mephitic Cloud by Vehumet.
 10651 | D:9      | Learned a level 3 spell: Mephitic Cloud
 10763 | D:9      | Reached skill level 1 in Conjurations
 10914 | D:9      | Found Taatoep's Antique Armour Emporium.
 10946 | D:9      | Reached *** piety under Vehumet
 11232 | D:1      | Bought a +2 helmet of see invisible for 301 gold pieces
 11695 | D:9      | Reached skill level 1 in Poison Magic
 11831 | D:10     | Entered Level 10 of the Dungeon
 11840 | D:10     | Reached XP level 11. HP: 83/89 MP: 21/21
 12051 | D:10     | Noticed Lodul
 12065 | D:10     | Reached skill level 5 in Conjurations
 12074 | D:10     | Killed Lodul
 12159 | D:10     | Found a shimmering blue altar of Sif Muna.
 12218 | D:10     | Reached skill level 1 in Air Magic
 12315 | D:10     | Noticed Fannar
 12319 | D:10     | Noticed Grum
 12322 | D:10     | Noticed Gastronok
 12368 | D:10     | Found an ornate altar of the Wu Jian Council.
 12372 | D:10     | Noticed a two-headed ogre
 12384 | D:10     | Killed a two-headed ogre
 12384 | D:10     | Offered knowledge of Flame Wave by Vehumet.
 12424 | D:10     | Found Nirefi's Weapon Shop.
 12525 | Lair:1   | Entered Level 1 of the Lair of Beasts
 12705 | Lair:1   | Noticed a boulder beetle
 12779 | Lair:1   | Killed a boulder beetle
 13344 | Lair:1   | Reached skill level 5 in Dodging
 13909 | Lair:2   | Found a staircase to the Shoals.
 14402 | Lair:4   | Noticed Kirke
 14411 | Lair:4   | Noticed a skyshark
 14415 | Lair:5   | Entered Level 5 of the Lair of Beasts
 14415 | Lair:5   | Noticed a five-headed hydra
 14417 | Lair:5   | Noticed a seven-headed hydra
 14419 | Lair:4   | Noticed a sphinx
 14425 | Lair:4   | Found a frozen archway.
 14595 | D:11     | Gained mutation: You have a pair of small antennae on your
                  | head. [demonic ancestry]
 14595 | D:11     | Reached XP level 12. HP: 92/95 MP: 22/22
 15129 | D:12     | Noticed a boulder beetle
 15276 | D:13     | Reached **** piety under Vehumet
 15466 | D:13     | You fall into a shaft and drop 2 floors!
 15466 | D:15     | Entered Level 15 of the Dungeon
 15475 | D:15     | Noticed a two-headed ogre
 15475 | D:15     | Noticed a two-headed ogre
 15475 | D:15     | Noticed a two-headed ogre
 15476 | D:15     | Noticed an ogre mage
 15476 | D:15     | Noticed a two-headed ogre
 15476 | D:15     | Noticed a two-headed ogre
 15500 | D:15     | Noticed a centaur warrior
 15510 | D:15     | Noticed a centaur warrior
 15513 | D:15     | HP: 4/95 [centaur warrior/arrow (7)]
 15513 | D:15     | Shot with an arrow by a centaur warrior

Illustrated notes

Levels and vault maps discovered:
D:1:      lightli_arrival_windingriver, layout_loops_corners, serial_shops, shop
D:2:      layout_rooms, basic_ecumenical_altar
D:3:      layout_basic, nemelex_diamond_rough_becter, zin_scriptorium,
          uniq_crazy_yiuf_cottage, uniq_ijyb, uniq_pargi
D:4:      layout_basic, hangedman_abyss_or_decor_stagger
D:5:      layout_loops_cross, dk_xom_monty_hall, tso_altar,
          minmay_temple_entry_butterflies, guppyfry_early_lair_pool,
          uniq_blork_the_orc, uniq_duvessa
D:6:      layout_cave_pools, lightli_temple_of_fire,
          nicolae_hepliaklqana_hazy_memory, nicolae_yredelemnul_corpse_copse,
          portal_sewer_entry_d, uniq_menkaure
D:7:      layout_rooms
D:8:      layout_loops_ring, bloody_makhleb, lair_entry_dummy
D:9:      layout_long_grid, serial_shops, nicolae_shop_getting_attention,
          serial_bayou, serial_bayou_pond_b, serial_bayou_pond_b,
          serial_bayou_shore_b, serial_bayou_pond_c, uniq_pikel
D:10:     layout_irregular_city, mainiacjoe_overflow_alcove_2,
          nicolae_overflow_crystal_walls, serial_shops, shop,
          nicolae_wooded_promenade, eino_curves_03, minivault_1,
          kennysheep_cross_room, uniq_grum, uniq_fannar, uniq_lodul,
          uniq_gastronok
D:11:     layout_loops_cross, orc_0_dummy, hangedman_abyss_or_decor_lesser_grid
D:12:     layout_irregular_city
D:13:     layout_basic, david_vaults_1
D:15:     gammafunk_depths_entry_grave, layout_cave_pools,
          minmay_misc_feat_diagonals
Temple:   nicolae_temple_hex_pool
Lair:1:   layout_cave_shapes
Lair:2:   layout_cellular_growth, minmay_shoals_entry_centaurs,
          minmay_lindwurm_lava, grunt_megastairs_1
Lair:3:   layout_regular_city, spider_nest_entry_webs,
          gammafunk_ghost_abyssal_escape, eino_small_chamber_without_monster,
          infiniplex_staircase_pool_2
Lair:4:   layout_loops_ring, minmay_slime_entry_pillars,
          portal_ice_cave_entry_pillars_1, serial_bayou_shore_b, uniq_kirke
Lair:5:   evilmike_catoblepas_cave, layout_regular_city, grunt_megastairs_3

Skill      XL: |  1  2  3  4  5  6  7  8  9 10 11 12 |
---------------+-------------------------------------+-----
Ice Magic      | 4 5 6 7 9 11 | 11.0
Spellcasting   | 3 7 |  7.0
Fighting       | 5 9 |  9.2
Conjurations   | 4 6 |  6.0
Poison Magic   | 1 4 |  4.2
Air Magic      | 2 |  2.2
Dodging        | 7 8 |  8.0
Stealth        | |  1.7

Action                     |  1- 3 |  4- 6 |  7- 9 | 10-12 || total
---------------------------+-------+-------+-------+-------++-------
  Melee: Short sword       |    37 |     3 |       |    83 ||   123
         Tailslap          |     5 |     7 |    28 |    17 ||    57
         Dagger            |       |    53 |   126 |       ||   179
         Punch             |       |     1 |     4 |     1 ||     6
         Touch             |       |       |    26 |    21 ||    47
   Cast: Freeze            |    55 |    57 |   108 |   125 ||   345
         Ozocubu's Armour  |       |     4 |    29 |    43 ||    76
         Frozen Ramparts   |       |     3 |    41 |    52 ||    96
         Searing Ray       |       |       |       |    29 ||    29
  Evoke: Wand              |       |       |     1 |     1 ||     2
    Use: Scroll            |       |       |    13 |    17 ||    30
         Potion            |       |       |     2 |    13 ||    15
   Stab: Sleeping          |     5 |     1 |     2 |     1 ||     9
 Armour: Robe              |    26 |     7 |       |       ||    33
         Leather armour    |       |    40 |    87 |       ||   127
         Acid dragon scale |       |       |     6 |    51 ||    57
         Steam dragon scal |       |       |       |   119 ||   119
  Dodge: Dodged            |    56 |    58 |   116 |   295 ||   525
